cohdb
Replays
Latest Replays
All Replays
Popular Replays
Top Player Replays
Match Explorer
How It Works
Community
CoH3 Stats
Reddit
Sign in to upload your games and track your stats! →
Sign in with Steam
Match 38732565
Unlisted
Match 38732565
Overview
Messages
Build Orders
End
Scout Squad
Construct Barracks
Selects Advanced Infantry Battlegroup
Riflemen Squad
Riflemen Squad
Riflemen Squad
Grenade Package
Infantry Support Center
Selects Convert to Ranger Squad
Construct Motor Pool
Construct Medical Station
M1 Anti-tank Gun Team
峰哥只嫖老鸡
Xo
sharpshooter
Potato slicer
0
0
Comments
sign in to comment!
No comments posted yet!